Map: Blackpink LE

Players

HRONO

  • Race: Terran Terran
  • League: Diamond
  • Spawn Location: 1:00

Dessa - Winner!

  • Race: Zerg Zerg
  • League: Diamond
  • Spawn Location: 7:00

VOD

Have the link to the VOD?

Description

Time

  • Played on: Dec. 11, 2017, 5:43 a.m.
  • Length: 15:11
Show
View Real Time Build Order
Export as new Build Order

HRONO Terran 

Build Orders: Reaper Expand 

Get SALT Encoding   

  12  0:01  SCV  
  13  0:13  SCV  
  14  0:18  Supply Depot  
  14  0:25  SCV  
  15  0:30  Refinery  
  15  0:39  SCV  
  16  0:45  Barracks  
  16  0:51  SCV  
  17  1:04  SCV  
  18  1:18  SCV  
  19  1:32  Orbital Command  
  19  1:33  Reaper  
  20  1:43  Command Center  
  20  1:53  Factory  
  20  1:58  SCV  
  21  2:07  Supply Depot  
  21  2:12  Barracks Reactor  
  21  2:13  SCV  
  22  2:17  Refinery  
  22  2:25  SCV  
  23  2:45  Factory Reactor  
  23  2:46  SCV  
  23  2:48  Marine  
  23  2:50  Marine  
  26  3:03  SCV  
  25  3:12  Starport  
  26  3:16  Command Center  
  26  3:17  SCV  
  26  3:18  Orbital Command  
  26  3:22  Marine x2  
  28  3:30  SCV  
  31  3:37  Bunker  
  31  3:40  Widow Mine  
  33  3:43  SCV  
  33  3:44  Widow Mine  
  33  3:45  SCV  
  35  3:49  Starport Reactor  
  35  3:55  SCV, Supply Depot  
  36  3:58  SCV  
  37  4:07  SCV, Supply Depot  
  38  4:13  Marine  
  38  4:14  Marine  
  44  4:18  SCV, Widow Mine x2  
  44  4:21  SCV  
  46  4:27  Medivac  
  46  4:29  Medivac  
  46  4:30  SCV  
  46  4:31  Marine  
  51  4:33  SCV  
  53  4:44  Supply Depot  
  53  4:46  SCV  
  53  4:48  Marine  
  53  4:49  Marine  
  53  4:50  SCV x2  
  62  4:54  Widow Mine x2  
  62  5:06  Marine x2  
  64  5:11  Supply Depot  
  64  5:18  SCV  
  64  5:19  Barracks  
  69  5:21  Barracks  
  69  5:23  Widow Mine x2, Marine  
  69  5:24  SCV, Refinery, Marine  
  69  5:25  Refinery  
  73  5:30  SCV  
  73  5:32  Orbital Command  
  73  5:41  Marine  
  73  5:42  Marine  
  58  5:59  Marine  
  58  6:00  Marine  
  58  6:03  SCV, Supply Depot  
  61  6:04  SCV  
  61  6:07  SCV, Medivac x2  
  61  6:08  Barracks Tech Lab, Barracks Reactor  
  71  6:15  SCV, Supply Depot x2  
  71  6:16  SCV  
  71  6:17  Widow Mine x2, Marine  
  71  6:18  Marine  
  75  6:20  Orbital Command  
  75  6:35  Marine x2  
  81  6:44  SCV x2  
  81  6:46  SCV, Widow Mine x2, Marine  
  84  6:47  Marine x2  
  84  6:52  Marine  
  84  6:53  Marine  
  84  6:54  Barracks  
  87  6:55  Barracks  
  87  6:56  SCV x2  
  87  6:58  SCV, Barracks  
  82  7:04  Marine x2  
  82  7:05  Marine  
  89  7:10  Marine  
  89  7:11  Marine  
  89  7:14  SCV x3  
  89  7:15  Widow Mine x2  
  92  7:22  Medivac x2, Marine x3  
  97  7:26  SCV x3  
  97  7:28  Marine  
  97  7:29  Marine, Stimpack  
  108  7:38  SCV x3  
  108  7:40  Marine x3  
  108  7:43  Widow Mine  
  108  7:44  Widow Mine  
  114  7:46  Marine  
  114  7:47  Marine  
  114  7:50  SCV x2  
  112  7:54  Marine  
  112  7:55  Marine x2  
  112  7:58  Marine x3  
  114  8:04  Marine  
  117  8:06  Hellion  
  117  8:07  Marine  
  117  8:12  Widow Mine, Marine x2  
  113  8:13  Marine  
  113  8:16  Marine  
  113  8:19  Marine  
  117  8:22  Marine x2  
  117  8:24  Marine  
  103  8:30  Marine  
  88  8:40  Marine x4  
  88  8:41  Marine x2  
  88  8:42  Marine  
  88  8:46  SCV x3  
  88  8:48  Marine  
  94  8:51  Widow Mine x2  
  94  8:53  Engineering Bay  
  94  8:55  Engineering Bay  
  91  8:58  SCV x2, Marine x4  
  91  8:59  SCV, Marine x2  
  91  9:00  Marine  
  101  9:06  Marine  
  102  9:16  Marine x4  
  107  9:17  Marine  
  107  9:19  Widow Mine  
  107  9:20  Widow Mine  
  103  9:29  Combat Shields  
  103  9:31  Marine x3  
  102  9:33  SCV x3  
  97  9:42  Missile Turret x2  
  97  9:43  Missile Turret  
  97  9:44  Missile Turret  
  97  9:45  SCV x3, Missile Turret  
  104  9:46  Missile Turret  
  104  9:48  Widow Mine x2  
  100  9:57  SCV x2  
  98  10:00  SCV  
  98  10:03  Marine x3  
  102  10:07  Marine x3  
  102  10:10  Missile Turret  
  102  10:11  SCV x2  
  102  10:12  SCV, Missile Turret  
  108  10:15  Marine  
  109  10:23  SCV x2  
  109  10:24  SCV  
  112  10:32  Missile Turret  
  110  10:35  SCV  
  110  10:36  SCV x2  
  101  10:54  Marine x4  
  78  11:00  Marine  
  74  11:07  Barracks Reactor  
  74  11:09  Barracks Reactor  
  74  11:10  Barracks Reactor  
  66  11:11  Marine  
  66  11:12  Marine x3  
  66  11:17  Medivac x2  
  66  11:18  Marine  
  78  11:22  Widow Mine x2  
  78  11:23  SCV  
  78  11:24  Barracks  
  78  11:25  SCV x2  
  82  11:29  Marine x2  
  82  11:30  Marine x2  
  76  11:35  SCV  
  76  11:36  Marine  
  76  11:37  SCV x2  
  80  11:47  Medivac, Marine x3  
  80  11:48  Marine  
  80  11:51  Widow Mine x2  
  80  11:54  Marine  
  72  11:55  Marine x3  
  72  11:56  SCV, Marine  
  72  11:57  SCV x2  
  78  12:04  Missile Turret  
  78  12:05  Marine x4  
  80  12:08  SCV, Missile Turret  
  80  12:09  SCV x2  
  86  12:18  Marine x7  
  86  12:21  SCV x3, Widow Mine  
  86  12:22  Widow Mine  
  96  12:23  Marine x4  
  100  12:33  SCV x2  
  100  12:35  Marine  
  100  12:36  Marine x3  
  103  12:38  Marine x3  
  103  12:41  Marine x4  
  114  12:45  Barracks Reactor  
  114  12:46  Medivac  
  114  12:50  Widow Mine x2  
  116  12:53  Marine  
  116  12:55  Terran Infantry Weapons Level 1, Terran Infantry Armor Level 1  
  117  13:07  Marine x3  
  117  13:08  Marine  
  115  13:18  Widow Mine, Marine x4  
  115  13:19  Widow Mine, Marine x3  
  103  13:25  Marine x4  
  92  13:28  Marine x2  
  90  13:35  SCV  
  90  13:36  Marine x6  
  90  13:37  SCV  
  90  13:38  Marine  
  103  13:47  Widow Mine x2  
  99  13:48  Command Center  
  99  13:53  Marine x2  
  99  13:54  Marine x2  
  101  14:07  Marine x2  
  101  14:08  Marine x7  
  112  14:11  Medivac, Marine x3  
  112  14:15  Widow Mine  
  117  14:17  Supply Depot  
  117  14:18  Supply Depot  
  117  14:19  Supply Depot  
  117  14:28  Marine  
  117  14:38  Marine x4  
  117  14:40  SCV x2, Medivac, Marine x7  
  138  14:46  Widow Mine x2  
Show
View Real Time Build Order
Export as new Build Order

Dessa Zerg - Winner!

Build Orders: Hatch First 

Get SALT Encoding   

  12  0:01  Drone  
  13  0:14  Overlord  
  13  0:17  Drone  
  14  0:32  Drone x2  
  16  0:50  Hatchery  
  16  0:52  Drone  
  16  1:08  Spawning Pool  
  16  1:10  Drone  
  16  1:14  Drone  
  17  1:18  Extractor  
  17  1:20  Drone  
  17  1:23  Drone  
  18  1:40  Overlord  
  18  1:45  Drone  
  19  1:56  Queen  
  19  1:58  Drone  
  22  2:01  Queen  
  22  2:03  Zergling x2  
  22  2:06  Drone  
  26  2:14  Drone  
  27  2:17  Metabolic Boost  
  27  2:21  Drone  
  28  2:32  Drone  
  28  2:35  Queen  
  31  2:40  Drone  
  31  2:41  Drone  
  31  2:42  Overlord  
  33  3:07  Overlord  
  33  3:08  Drone x3  
  33  3:09  Drone x3  
  33  3:10  Overlord  
  39  3:24  Drone  
  39  3:38  Drone, Hatchery  
  39  3:39  Drone x3  
  39  3:40  Extractor  
  41  3:44  Drone  
  42  3:56  Drone x4, Evolution Chamber  
  42  3:57  Evolution Chamber  
  42  4:00  Drone  
  42  4:01  Drone  
  46  4:04  Lair  
  46  4:24  Zerg Ground Armor Level 1, Zerg Melee Weapons Level 1  
  46  4:27  Drone x3, Extractor x2  
  46  4:28  Drone  
  46  4:29  Drone x2, Overlord  
  46  4:31  Overlord  
  50  4:48  Zergling x4  
  50  4:51  Queen  
  54  5:02  Drone x2  
  54  5:03  Drone x2  
  54  5:06  Drone  
  59  5:08  Spire  
  58  5:15  Drone  
  58  5:16  Drone x3  
  58  5:17  Zergling x4  
  64  5:22  Zergling x4  
  64  5:23  Queen x2  
  64  5:28  Zergling x10  
  75  5:34  Zergling x4  
  74  6:01  Extractor x2  
  72  6:06  Drone x2  
  72  6:07  Drone  
  72  6:08  Drone x3, Overlord  
  72  6:09  Overlord  
  78  6:21  Mutalisk  
  78  6:23  Overlord x2  
  80  6:26  Zerg Flyer Weapons Level 1  
  80  6:27  Mutalisk  
  80  6:28  Mutalisk x4  
  84  7:13  Mutalisk x2  
  84  7:14  Zergling x8  
  88  7:26  Zerg Ground Armor Level 2, Zerg Melee Weapons Level 2  
  88  7:28  Zergling x10, Mutalisk x3  
  88  7:29  Overlord  
  97  7:44  Hatchery  
  97  7:51  Mutalisk x3  
  82  8:36  Zergling x2  
  83  8:43  Zergling x4  
  85  8:58  Zergling x18  
  85  9:01  Extractor  
  93  9:04  Mutalisk  
  93  10:04  Infestation Pit  
  93  10:06  Zergling x12  
  93  10:07  Zergling x18  
  101  10:08  Zergling x2  
  108  10:16  Queen  
  106  10:43  Zergling x30  
  94  11:03  Zergling x6  
  94  11:04  Zergling x8  
  97  11:18  Hive  
  97  11:20  Pneumatized Carapace  
  82  12:15  Drone x2  
  84  12:17  Drone x3  
  84  12:18  Overlord x2  
  84  12:19  Zergling x4  
  84  12:20  Zergling x44  
  111  12:29  Extractor  
  110  12:31  Extractor  
  110  12:33  Ultralisk Cavern, Adrenal Glands  
  100  12:38  Mutalisk x7  
  100  12:39  Mutalisk  
  116  12:55  Mutalisk x3  
  116  12:56  Mutalisk x4  
  116  12:57  Overlord x3  
  116  12:58  Hatchery  
  104  13:24  Zergling x14  
  104  13:25  Zergling x2  
  102  13:32  Zergling x8  
  102  13:33  Ultralisk x4, Zergling x2  
  102  13:34  Ultralisk x3, Chitinous Plating  
  149  13:37  Overlord x2  
  149  13:39  Ultralisk  
  149  13:40  Zergling x8  
  159  13:50  Zergling x4  
  161  14:07  Zergling x4  
  161  14:08  Zergling x16  
  161  14:09  Zergling x14  
  178  14:11  Queen  
Tags
 
Add a new tag
Caveats
  • Supply blocks, unpowered buildings, or Contaminate may cause inaccurate times.
  • Supply counts are checked every 10 seconds.